 Dungeon Sprint DCSS version 0.31-a0-963-ga325b2283a (webtiles) character file.

Game seed: 13892903523791336823

9617 sircluck the Brawler (level 11, -9/126 HPs)
             Began as a Troll Berserker on Oct 25, 2023.
             Was a High Priest of Trog.
             Killed from afar by a fire dragon (53 damage)
             ... with a blast of flame
             ... in the Dungeon (Sprint VII: "The Pits").
             The game lasted 00:04:51 (1348 turns).

sircluck the Brawler (Troll Berserker)              Turns: 1348, Time: 00:04:51

Health: -9/126     AC:  9    Str: 31    XL:     11   Next: 25%
Magic:  0/10       EV: 13    Int:  3    God:    Trog [*****.]
Gold:   0          SH:  0    Dex:  9    Spells: 10/10 levels left

rFire   . .          .
                       - Unarmed
rCold   . . .        (no shield)
rNeg    . . .        a - +0 animal skin
rPois   .            (helmet restricted)
rElec   .            k - +0 cloak
rCorr   .            (gloves unavailable)
SInv    .            (boots unavailable)
Will    .....        (no amulet)
Stlth   +            l - +3 ring of protection
HPRegen 1.21/turn    (no ring)
MPRegen 0.12/turn

%: no teleportation
@: on berserk cooldown, slowed, very slow
A: large, unfitting armour, claws 3, regeneration 1, shaggy fur 1, tough skin 1
a: Renounce Religion, Berserk, Trog's Hand, Brothers in Arms


You were in the Dungeon.
You worshipped Trog.
Trog was extremely pleased with you.
You visited 1 branch

Inventory:

Armour
 a - a +0 animal skin (worn)
 k - a +0 cloak (worn)
Jewellery
 l - a +3 ring of protection (left claw)
 n - a +3 ring of intelligence
Scrolls
 g - a scroll of blinking
 i - 2 scrolls of vulnerability
 j - a scroll of butterflies
Potions
 b - 7 potions of curing
 c - 6 potions of heal wounds
 d - 3 potions of haste
 e - 4 potions of magic
 f - 3 potions of berserk rage
 h - 2 potions of invisibility
 m - 2 potions of resistance


   Skills:
 + Level 12.8 Fighting
 + Level 10.2 Armour
 + Level 12.7 Dodging
 + Level 15.0 Unarmed Combat


You had 10 spell levels left.
You didn't know any spells.
Your spell library was empty.

Dungeon Overview and Level Annotations

Branches:
Dungeon (1/1)

Altars:
Ashenzari
Cheibriados
Dithmenos
Elyvilon
Fedhas
Gozag
Hepliaklqana
Kikubaaqudgha
Makhleb
Nemelex Xobeh
Okawaru
Qazlal
Ru
Sif Muna
Trog
Uskayaw
Vehumet
Wu Jian
Xom
Yredelemnul
Zin
The Shining One
Jiyva
Lugonu


Innate Abilities, Weirdness & Mutations

You are too large for most types of armour.
You have claws for hands.
Your natural rate of healing is unusually fast.
You are covered in fur. (AC +1)
You have tough skin. (AC +1)


Message History

Unknown command.
You mangle the fire dragon!!
The fire dragon is moderately wounded.
Something hits you!
* * * LOW HITPOINT WARNING * * *
Unknown command.
Unknown command.
Unknown command.
You feel much better. The neqoxec gestures at you.
Something tries to feed on your intellect!
The fire dragon bites you! The fire dragon barely misses you.
The fire dragon tramples you but does no damage.
The fire dragon breathes flames at you. The blast of flame misses you.
Something hits you!
Unknown command.
Unknown command.
Unknown command.
You feel much better. The fire dragon bites you. The fire dragon claws you.
The fire dragon misses you. Something hits you!
You feel your power leaking away.
Unknown command.
Unknown command.
Unknown command.
Unknown command.
You closely miss something. The fire dragon bites you.
The fire dragon barely misses you. The fire dragon tramples you.
You hold your ground!
The fire dragon bites you! The fire dragon misses you.
The fire dragon tramples you.
You hold your ground!
Unknown command.
Unknown command.
You eviscerate something!!! Trog accepts your kill.
Trog will now gift you melee weapons as you gain piety.
Trog appreciates your killing of a magic user.
Reactivating autopickup.
You feel a bit more experienced. The fire dragon breathes flames at you.
The blast of flame hits you!!!
You die...

###''####''########
#......##..........
#.#+##.##.......... #.#
k+.##..######## #.'
C#.##..# #3# e'.##..#
##++###########.' .#.##..#
.........##..##D##'#.##(.#
..#......##..##.@)...##.)#
.........''..##########).#
......†..''..##########..#
..#......##....†....[....#
.........##...))[........#
##''######################
##)÷# ##..# ##..#


You could see a fire dragon (catching breath) and a neqoxec.

Vanquished Creatures
  A stone giant (D)
  A black draconian (D)
  A spriggan air mage (D)
  Erica (D)
  An ogre mage (D)
  A two-headed ogre (D)
  2 demonic crawlers (D)
  A deep elf zephyrmancer (D)
  An orc knight (D)
  An elephant (D)
  A cane toad (D)
  2 tarantellas (D)
  2 wind drakes (D)
  A glass eye (D)
  4 blink frogs (D)
  A flying skull (D)
  A shadow (D)
  A wyvern (D)
  A redback (D)
  An ice beast (D)
  An ogre (D)
  A necrophage (D)
  2 scorpions (D)
  Crazy Yiuf (D)
  An orc wizard (D)
  A gnoll (D)
  An ufetubus (D)
  A worm (D)
  3 orcs (D)
  An endoplasm (D)
  A giant cockroach (D)
  A goblin (D)
  2 quokkas (D)
  A bat (D)
  2 kobolds (D)
  3 rats (D)
49 creatures vanquished.

Vanquished Creatures (collateral kills)
  A minotaur (D)
  An eye of devastation (D)
  A blink frog (D)
  A bat (D)
4 creatures vanquished.

Grand Total: 53 creatures vanquished

Notes
Turn   | Place    | Note
-------+----------+-------------------------------------------
     0 | D        | sircluck the Troll Berserker began the quest for the Orb.
     0 | D        | Reached XP level 1. HP: 22/22 MP: 0/0
    26 | D        | Found a bloodstained altar of Trog.
    26 | D        | Found a shimmering blue altar of Sif Muna.
    26 | D        | Found a viscous altar of Jiyva.
    26 | D        | Found a hazy altar of Hepliaklqana.
    26 | D        | Found an opulent altar of Gozag.
    27 | D        | Found a glowing golden altar of the Shining One.
    27 | D        | Found a glowing silver altar of Zin.
    27 | D        | Found a basalt altar of Yredelemnul.
    27 | D        | Found a shimmering altar of Xom.
    27 | D        | Found an ornate altar of the Wu Jian Council.
    27 | D        | Found a sacrificial altar of Ru.
    27 | D        | Found a stormy altar of Qazlal.
    27 | D        | Found an iron altar of Okawaru.
    27 | D        | Found a sparkling altar of Nemelex Xobeh.
    27 | D        | Found a burning altar of Makhleb.
    27 | D        | Found a blossoming altar of Fedhas.
    27 | D        | Found a white marble altar of Elyvilon.
    27 | D        | Found a shadowy altar of Dithmenos.
    27 | D        | Found a snail-covered altar of Cheibriados.
    31 | D        | Found a corrupted altar of Lugonu.
    31 | D        | Found a radiant altar of Vehumet.
    32 | D        | Found a broken altar of Ashenzari.
    32 | D        | Found an ancient bone altar of Kikubaaqudgha.
    32 | D        | Found a hide-covered altar of Uskayaw.
    71 | D        | Noticed a glass eye
    91 | D        | Killed a glass eye
    92 | D        | Reached skill level 5 in Fighting
    92 | D        | Reached skill level 5 in Dodging
    92 | D        | Reached skill level 7 in Unarmed Combat
    92 | D        | Reached XP level 2. HP: 36/36 MP: 1/1
    92 | D        | Reached XP level 3. HP: 44/44 MP: 2/2
    92 | D        | Reached XP level 4. HP: 52/52 MP: 3/3
    92 | D        | Reached XP level 5. HP: 59/59 MP: 4/4
    95 | D        | Reached ** piety under Trog
   130 | D        | Reached *** piety under Trog
   131 | D        | Reached skill level 8 in Unarmed Combat
   131 | D        | Reached XP level 6. HP: 20/68 MP: 5/5
   240 | D        | Noticed a flying skull
   258 | D        | Killed a flying skull
   258 | D        | Reached **** piety under Trog
   259 | D        | Reached skill level 9 in Unarmed Combat
   259 | D        | Reached XP level 7. HP: 30/79 MP: 6/6
   326 | D        | Noticed a redback
   330 | D        | Killed a redback
   330 | D        | Reached ***** piety under Trog
   331 | D        | Reached skill level 1 in Armour
   492 | D        | Noticed Crazy Yiuf
   499 | D        | Received a gift from Trog
   503 | D        | Killed Crazy Yiuf
   526 | D        | Noticed a blink frog
   526 | D        | Noticed a blink frog
   526 | D        | Noticed a blink frog
   526 | D        | Noticed a blink frog
   526 | D        | Noticed a blink frog
   526 | D        | Noticed an eye of devastation
   536 | D        | Killed a blink frog
   537 | D        | Reached skill level 10 in Unarmed Combat
   543 | D        | Killed an eye of devastation
   544 | D        | Reached XP level 8. HP: 29/92 MP: 7/7
   548 | D        | Killed a blink frog
   554 | D        | Killed a blink frog
   555 | D        | Reached skill level 11 in Unarmed Combat
   562 | D        | Killed a blink frog
   563 | D        | Reached skill level 5 in Armour
   629 | D        | Killed a blink frog
   630 | D        | Reached XP level 9. HP: 66/101 MP: 8/8
   747 | D        | Noticed a cane toad
   757 | D        | Killed a cane toad
   758 | D        | Reached skill level 10 in Fighting
   758 | D        | Reached skill level 10 in Dodging
   942 | D        | Reached skill level 12 in Unarmed Combat
  1005 | D        | Noticed an orc knight
  1021 | D        | Noticed a demonic crawler
  1027 | D        | Killed an orc knight
  1038 | D        | Killed a demonic crawler
  1039 | D        | Reached XP level 10. HP: 47/113 MP: 9/9
  1100 | D        | Noticed Erica
  1101 | D        | Noticed a minotaur
  1115 | D        | Killed Erica
  1116 | D        | Reached skill level 13 in Unarmed Combat
  1118 | D        | Killed a minotaur
  1118 | D        | Identified the +8 quick blade "Meonneol" {heavy, Dex+2
                  | Stlth+} (Trog gifted it to you in the Dungeon)
  1118 | D        | Received a gift from Trog
  1141 | D        | Noticed an elephant
  1155 | D        | Killed an elephant
  1217 | D        | Noticed a demonic crawler
  1217 | D        | Noticed a black draconian
  1221 | D        | Killed a demonic crawler
  1231 | D        | Killed a black draconian
  1232 | D        | Reached skill level 14 in Unarmed Combat
  1308 | D        | Noticed a stone giant
  1308 | D        | Noticed a deep elf zephyrmancer
  1308 | D        | Noticed a two-headed ogre
  1311 | D        | Noticed a spriggan air mage
  1317 | D        | Noticed an ogre mage
  1320 | D        | Killed a two-headed ogre
  1323 | D        | Noticed a fire dragon
  1326 | D        | Killed a spriggan air mage
  1327 | D        | Reached XP level 11. HP: 124/124 MP: 10/10
  1334 | D        | Killed a stone giant
  1335 | D        | Reached skill level 10 in Armour
  1337 | D        | Killed a deep elf zephyrmancer
  1343 | D        | Reached skill level 15 in Unarmed Combat
  1348 | D        | Killed an ogre mage
  1348 | D        | Killed from afar by a fire dragon

Illustrated notes

Levels and vault maps discovered:
D:        pitsprint [storerooms_1, entrance_room_1, metal_vault_3, armoury_2,
          mini_pit_1, grid_room_1, main_hall_1, silver_pit, the_coven_1,
          the_vestibule_1, steel_vault_2, golden_pit, hallway_of_sentries,
          crystal_vault_4, iron_vault_4, final_vault]

Skill      XL: |  1  2  3  4  5  6  7  8  9 10 11 |
---------------+----------------------------------+-----
Fighting       | 5 6 7 9 11 12 | 12.8
Dodging        | 5 6 7 8 9 10 12 | 12.7
Unarmed Combat | 7 8 9 10 11 12 14 15 | 15.0
Armour         | 4 5 7 9 10 | 10.2

Action                     |  1- 3 |  4- 6 |  7- 9 | 10-12 || total
---------------------------+-------+-------+-------+-------++-------
  Melee: Unarmed           |    20 |    33 |    76 |    57 ||   186
         Punch             |       |     1 |     2 |     8 ||    11
 Invoke: Brothers in Arms  |       |       |     3 |     3 ||     6
         Berserk           |       |       |     2 |     2 ||     4
         Trog's Hand       |       |       |       |     1 ||     1
    Use: Potion            |       |       |       |     2 ||     2
 Armour: Animal skin       |     1 |    31 |    57 |    54 ||   143
  Dodge: Dodged            |       |    17 |    29 |    26 ||    72

Table legend: (Time is in decaauts)
 A = Elapsed time spent in this place.
 B = Non-inter-level travel time spent in this place.
 C = Inter-level travel time spent in this place.
 D = Time resting spent in this place.
 E = Time spent auto-exploring this place.
 F = Levels seen in this place.
 G = Mean time per level.
                   A        B        C        D        E       F      G
               +--------+--------+--------+--------+--------+-----+--------+
         Total |   1334 |   1334 |      0 |    549 |    243 |   1 | 1334.0 |
       Dungeon |   1334 |   1334 |      0 |    549 |    243 |   1 | 1334.0 |
               +--------+--------+--------+--------+--------+-----+--------+

Top non-repeatable levels by time:
       D: 1334 daAuts
